 Dungeon Crawl Stone Soup version 0.25.1-8-g42b30a86e7 (webtiles) character file.

Game seed: 11304564952402873328

268 hawla the Conjurer (level 6, 0/67 HPs)
             Began as a Draconian Conjurer on Dec 7, 2020.
             Slain by a slave (4 damage)
             ... led by Pikel
             ... on level 4 of the Dungeon.
             The game lasted 00:13:56 (5007 turns).

hawla the Conjurer (Draconian Conjurer)             Turns: 5007, Time: 00:13:58

Health: 0/67       AC: 23    Str: 10    XL:     6   Next: 1%
Magic:  2/11       EV:  2    Int: 18    God:
Gold:   213        SH:  0    Dex:  9    Spells: 5/12 levels left

rFire    . . .     SeeInvis +   i - +1 whip (elec)
rCold    . . .     Gourm    .   (no shield)
rNeg     + + +     Faith    .   (armour unavailable)
rPois    +         Spirit   .   (helmet currently unavailable)
rElec    .         Reflect  .   (cloak currently unavailable)
rCorr    .         Harm     .   (gloves currently unavailable)
MR       .....     NoTele   +   (boots currently unavailable)
Stlth    ++........             d - amulet of inaccuracy (curse)
HPRegen  0.21/turn              c - ring of positive energy
MPRegen  0.12/turn              (no ring)

@: mighty, brilliant, tree-form, very slightly contaminated
A: unfitting armour, see invisible, clumsy 1, AC +6
a: no special abilities


You were on level 4 of the Dungeon.
You were hungry.
You were a tree.
You visited 1 branch of the dungeon, and saw 4 of its levels.

You collected 213 gold pieces.

Inventory:

Hand Weapons
 i - a +1 whip of electrocution (weapon)
Armour
 g - a scarf of invisibility (melded)
Jewellery
 c - a ring of positive energy (left branch)
 d - a cursed amulet of inaccuracy (around neck)
 e - an uncursed amulet of guardian spirit
 m - an uncursed amulet of faith {unknown}
Wands
 j - a wand of paralysis (5)
Potions
 f - 2 potions of might
 h - a potion of mutation
 l - a potion of curing
Comestibles
 b - 11 rations


   Skills:
 - Level 1.7 Dodging
 - Level 1.7 Stealth
 + Level 3.9 Spellcasting
 - Level 5.3 Conjurations
 * Level 2.7 Translocations


You had 5 spell levels left.
You knew the following spells:

 Your Spells              Type           Power        Failure   Level  Hunger
a - Magic Dart            Conj           ####         1%          1    None
b - Searing Ray           Conj           ####..       2%          2    None
c - Iskenderun's Mystic   Conj/Tloc      ####....     28%         4    None

Your spell library contained the following spells:

 Spells                   Type           Power        Failure   Level  Hunger
 Dazzling Flash           Conj/Hex       ###...       14%         3    None
 Fulminant Prism          Conj/Hex       ###.......   43%         4    None


Dungeon Overview and Level Annotations

Branches:
Dungeon (4/15)
 Temple: D:4-7

Altars:
Cheibriados
Dithmenos

Shops:
D:4 :

Annotations:
D:4 Pikel


Innate Abilities, Weirdness & Mutations

((Your plain brown scales are hard. (AC +6)))
You cannot fit into any form of body armour.
((You are cold-blooded and may be slowed by cold attacks.))
((You have a beak for a mouth.))
You have supernaturally acute eyesight. (SInv)
You are clumsy. (Dex -2)


Message History

The slave hits you but does no damage. The slave hits you.
* * * LOW HITPOINT WARNING * * *
The slave hits you but does no damage. x2; Pikel hits you but does no damage.
The slave hits you but does no damage. x3
You closely miss Pikel.
Pikel is almost dead.
The slave hits you but does no damage.
Pikel says, "Why not give up?
You'll get fed.
Maybe."
Pikel hits you but does no damage.
The slave hits you but does no damage. x3
You miss Pikel.
Pikel is almost dead.
The slave hits you but does no damage. Pikel hits you but does no damage.
The slave hits you but does no damage. x3
You barely miss Pikel.
Pikel is almost dead.
The slave hits you.
* * * LOW HITPOINT WARNING * * *
Pikel hits you but does no damage. The slave hits you but does no damage.
The slave hits you.
You die...

......... #.######.......
.<...........................>...
.................#...............
.................#..######.......
...............^.#..# #..##...
.................#..######.......
.................................
...............K.................
...............p♣#..#.#..........
...............ppp...............
.................##.....#........
.................##.....#.....#.#
........................#.......#
..................##.##.#..#.####
..................##..#.#..#.####
..................##.............
.......................##..###.##


You could see Pikel and 4 slaves.

Vanquished Creatures
  A scorpion (D:4)
  An orc wizard (D:4)
  5 adders
  3 gnolls (D:2)
  An ooze (D:2)
  4 worms
  6 dart slugs
  3 leopard geckos
  3 orcs
  7 giant cockroaches
  10 goblins
  6 hobgoblins
  5 jackals (D:4)
  9 kobolds
  2 quokkas
  5 ball pythons
  8 bats
  2 frilled lizards
  13 rats
94 creatures vanquished.

Notes
Turn   | Place    | Note
-------+----------+-------------------------------------------
     0 | D:1      | hawla the Draconian Conjurer began the quest for the Orb.
     0 | D:1      | Reached XP level 1. HP: 14/14 MP: 3/3
   289 | D:1      | Reached XP level 2. HP: 3/20 MP: 0/5
   296 | D:1      | Learned a level 2 spell: Searing Ray
  1298 | D:1      | Reached XP level 3. HP: 22/26 MP: 2/7
  2143 | D:2      | Found a faded altar of an unknown god.
  2314 | D:2      | Reached XP level 4. HP: 33/33 MP: 5/8
  2530 | D:2      | Reached skill level 5 in Conjurations
  3168 | D:3      | Learned a level 4 spell: Iskenderun's Mystic Blast
  3381 | D:3      | Reached XP level 5. HP: 34/38 MP: 7/10
  3554 | D:3      | Found a snail-covered altar of Cheibriados.
  3631 | D:3      | Reached skill level 1 in Translocations
  4485 | D:4      | Found Putecesh's Book Boutique.
  4908 | D:4      | Found a shadowy altar of Dithmenos.
  4928 | D:4      | Reached XP level 6. HP: 45/45 MP: 8/11
  4951 | D:4      | Noticed a slave
  4989 | D:4      | Noticed a slave
  4989 | D:4      | Noticed a slave
  4989 | D:4      | Noticed Pikel
  4990 | D:4      | Noticed a slave
  4999 | D:4      | Gained mutation: You are clumsy. (Dex -2) [potion of
                  | mutation]
  4999 | D:4      | Gained mutation: You have a beak for a mouth. [potion of
                  | mutation]
  4999 | D:4      | Gained mutation: You have supernaturally acute eyesight.
                  | (SInv) [potion of mutation]
  5007 | D:4      | Slain by a slave

Illustrated notes

Levels and vault maps discovered:
D:1:      psy_arrival_conway, layout_basic, serial_forest,
          infiniplex_forest_end_2, infiniplex_forest_lined_2,
          infiniplex_forest_clump_cross, infiniplex_forest_clump_long,
          infiniplex_forest_lined_corner, infiniplex_forest_lined_corner
D:2:      layout_basic, chequers_ecumenical_altar_island, first_ration
D:3:      layout_loops_ring, kennysheep_slug_shrine, kennysheep_doodads,
          minmay_bisected
D:4:      layout_basic, grunt_dithmenos_smoke_and_mirrors,
          minmay_shop_grid_forest, uniq_pikel, uniq_grinder

Skill      XL: |  1  2  3  4  5 |
---------------+----------------+-----
Spellcasting   | 3 |  3.9
Conjurations   | 5 |  5.3
Translocations | 2 |  2.7
Dodging        | |  1.7
Stealth        | |  1.7

Action                   |  1- 3 |  4- 6 || total
-------------------------+-------+-------++-------
Melee: Unarmed           |    19 |    12 ||    31
       Tailslap          |     1 |     1 ||     2
       Whip              |       |     6 ||     6
 Cast: Magic Dart        |    74 |    75 ||   149
       Searing Ray       |     9 |    27 ||    36
  Use: Scroll            |     7 |     1 ||     8
       Potion            |       |     7 ||     7
  Eat: Chunk             |     5 |     9 ||    14
Armor: Skin              |    16 |    48 ||    64
Dodge: Dodged            |    26 |    16 ||    42
